 Dungeon Crawl Stone Soup version 0.25.1-2-g60ff931df9 (webtiles) character file.

Game seed: 4488592530359682489

3461 selver the Scholar of Death (level 9, 0/72 HPs)
             Began as a Demonspawn Necromancer on Oct 18, 2020.
             Was a Follower of Kikubaaqudgha.
             Killed from afar by an electric eel (12 damage)
             ... with a bolt of electricity
             ... on level 8 of the Dungeon.
             The game lasted 00:55:26 (17121 turns).

selver the Scholar of Death (DsNe)                 Turns: 17121, Time: 00:55:27

Health: 0/72       AC:  9    Str: 10    XL:     9   Next: 78%
Magic:  5/12       EV: 12    Int: 19    God:    Kikubaaqudgha [*.....]
Gold:   459        SH:  0    Dex: 13    Spells: 3/12 levels left

rFire    . . .     SeeInvis .   s - staff of death (curse)
rCold    . . .     Gourm    .   (no shield)
rNeg     + . .     Faith    .   u - +0 ring mail
rPois    .         Spirit   .   (helmet restricted)
rElec    .         Reflect  .   (no cloak)
rCorr    .         Harm     .   (no gloves)
MR       .....                  (no boots)
Stlth    ++++......             (no amulet)
HPRegen  0.22/turn              n - +4 ring of protection
MPRegen  0.13/turn              (no ring)

@: lethally poisoned (0 -> -5)
A: horns 1, nightstalker 2, sturdy frame 2
a: Receive Corpses, Renounce Religion


You were on level 8 of the Dungeon.
You worshipped Kikubaaqudgha.
Kikubaaqudgha was aware of your devotion.
You were not hungry.

You visited 2 branches of the dungeon, and saw 9 of its levels.

You collected 459 gold pieces.

Inventory:

Hand Weapons
 i - a +1 dagger
Armour
 u - a +0 ring mail (worn)
Magical Staves
 r - an uncursed staff of conjuration {unknown}
 s - a cursed staff of death (weapon)
Jewellery
 n - a +4 ring of protection (left hand)
Wands
 l - a wand of flame (22)
Scrolls
 a - 6 scrolls of identify
 e - a scroll of fog
 h - 3 scrolls of fear
 m - 4 scrolls of enchant armour
 o - a scroll of magic mapping
 p - a scroll of teleportation
 q - a scroll of remove curse {unknown}
Potions
 b - 5 potions of cancellation
 d - a potion of might
 f - a potion of stabbing
 g - 2 potions of lignification
 j - a potion of flight
 k - a potion of curing
 w - a potion of invisibility {unknown}
Comestibles
 c - 8 rations


   Skills:
 * Level 7.1 Fighting
 + Level 6.6 Staves
 - Level 2.1 Dodging
 - Level 1.7 Stealth
 - Level 2.0 Spellcasting
 - Level 10.8 Necromancy
 - Level 1.8 Evocations


You had 3 spell levels left.
You knew the following spells:

 Your Spells              Type           Power        Failure   Level  Hunger
a - Pain                  Necr           ####         1%          1    #......
b - Animate Skeleton      Necr           N/A          1%          1    #......
c - Vampiric Draining     Necr           ######....   1%          3    ###....
d - Animate Dead          Necr           N/A          2%          4    #####..

Your spell library contained the following spells:

 Spells                   Type           Power        Failure   Level  Hunger
 Sublimation of Blood     Necr           ######....   1%          2    ###....
 Corpse Rot               Necr/Air       N/A          3%          2    ###....
 Magic Dart               Conj           #...         21%         1    #......
 Summon Small Mammal      Summ           #...         21%         1    #......
 Call Imp                 Summ           #.......     30%         2    ###....
 Searing Ray              Conj           #.....       30%         2    ###....
 Call Canine Familiar     Summ           #.......     52%         3    ###....
 Dazzling Flash           Conj/Hex       #.....       52%         3    ###....
 Summon Guardian Golem    Hex/Summ       #.......     52%         3    ###....
 Agony                    Necr           ######..     7%          5    ######.
 Fulminant Prism          Conj/Hex       #.........   89%         4    #####..
 Iskenderun's Mystic Bla  Conj/Tloc      #.......     89%         4    #####..
 Summon Ice Beast         Ice/Summ       #.......     89%         4    #####..
 Summon Lightning Spire   Summ/Air       #.......     89%         4    #####..


Dungeon Overview and Level Annotations

Branches:
Dungeon (8/15)             Temple (1/1) D:6
   Lair: D:8-11

Altars:
Cheibriados
Elyvilon
Fedhas
Gozag
Kikubaaqudgha
Nemelex Xobeh
Okawaru
Qazlal
Ru
Sif Muna
Trog
Uskayaw
Vehumet
Wu Jian
Xom
Yredelemnul
Zin
The Shining One

Annotations:
D:8 Erica


Innate Abilities, Weirdness & Mutations

You have a pair of small horns on your head.
You are significantly more attuned to the shadows.
Your movements are less encumbered by armour. (ER -4)


Message History

You hear a splash.
Your howler monkey zombie barely misses the bullfrog skeleton.
The bullfrog skeleton hits the plant.
You see here an arrow.
Your surroundings suddenly seem different.
You feel sick.
A centaur comes into view.
The centaur shouts!
The centaur wields a +0 shortbow.
The centaur shoots an arrow.
The arrow barely misses you.
The arrow hits the plant.
An electric eel comes into view.
The centaur shoots an arrow.
The arrow closely misses you.
The arrow hits the plant.
Found 2 arrows (under plant).
The centaur shoots an arrow.
The arrow hits you.
* * * LOW HITPOINT WARNING * * *
The electric eel shoots out a bolt of lightning at you!
The bolt of electricity hits you!
You die...
Kikubaaqudgha rasps: "You have failed me!
Welcome... death!"

#
..≈.≈≈≈≈≈≈≈
#..≈.≈≈;≈P≈≈
##...≈≈≈≈≈≈≈
....≈.≈≈≈≈P≈
#......P≈≈≈
#.c...P.≈≈≈
##...@.P.≈≈
###....≈≈P
##.....≈
##.....
#.... ####


You could see a centaur and an electric eel.

Vanquished Creatures
  Pikel (D:4)
  A hippogriff (D:8)
  A wyvern (D:8)
  An orc warrior (D:7)
  2 slaves (D:4)
  A black bear (D:7)
  3 ice beasts
  3 sky beasts
  2 ogres
  5 centaurs
  A big kobold (D:8)
  A bullfrog (D:7)
  A wyvern skeleton (D:8)
  Dowan (D:5)
  3 wights
  A howler monkey (D:8)
  3 crimson imps (D:4)
  A bullfrog zombie (D:6)
  4 hounds
  2 jellies
  2 orc priests
  2 centaur skeletons
  3 orc wizards (D:4)
  5 worker ants
  A hound skeleton (D:4)
  4 gnolls (D:4)
  A howler monkey skeleton (D:4)
  13 adders
  An adder skeleton (D:7)
  3 adder zombies
  2 worms
  2 dart slugs
  6 leopard geckos
  18 orcs
  A ball python (D:6)
  9 giant cockroaches
  4 goblins (D:1)
  5 hobgoblins
  8 jackals
  9 kobolds
  3 quokkas
  7 bats
  3 frilled lizards
  A quokka skeleton (D:5)
  14 rats
165 creatures vanquished.

Vanquished Creatures (collateral kills)
  A water moccasin (D:8)
  A scorpion (D:7)
  A worker ant zombie (D:5)
  A jackal (D:8)
  4 kobolds (D:8)
8 creatures vanquished.

Vanquished Creatures (others)
  2 slaves
  A quokka (D:5)
  A ball python (D:5)
  A plant (D:8)
5 creatures vanquished.

Grand Total: 178 creatures vanquished

Notes
Turn   | Place    | Note
-------+----------+-------------------------------------------
     0 | D:1      | selver the Demonspawn Necromancer began the quest for the
                  | Orb.
     0 | D:1      | Reached XP level 1. HP: 13/13 MP: 3/3
   633 | D:1      | Gained mutation: You have a pair of small horns on your
                  | head. [demonic ancestry]
   633 | D:1      | Reached XP level 2. HP: 19/19 MP: 5/5
   714 | D:1      | Reached skill level 5 in Necromancy
   930 | D:1      | Learned a level 1 spell: Animate Skeleton
  1378 | D:1      | Gained mutation: You are slightly more attuned to the
                  | shadows. [demonic ancestry]
  1378 | D:1      | Reached XP level 3. HP: 19/24 MP: 3/6
  1926 | D:2      | Reached skill level 6 in Necromancy
  2106 | D:2      | Learned a level 3 spell: Vampiric Draining
  2458 | D:2      | Reached XP level 4. HP: 8/30 MP: 2/7
  4237 | D:3      | Reached XP level 5. HP: 22/35 MP: 4/8
  5099 | D:4      | Reached skill level 1 in Staves
  5145 | D:4      | Reached skill level 1 in Evocations
  6189 | D:4      | Gained mutation: Your movements are slightly less
                  | encumbered by armour. (ER -2) [demonic ancestry]
  6189 | D:4      | Reached XP level 6. HP: 28/41 MP: 2/9
  7264 | D:5      | Entered Level 5 of the Dungeon
  7264 | D:5      | Noticed a slave
  7570 | D:4      | Killed a slave
  7708 | D:5      | Noticed Pikel
  7708 | D:5      | Noticed a slave
  7708 | D:5      | Noticed a slave
  7709 | D:5      | Noticed a slave
  8021 | D:4      | Killed a slave
  8279 | D:5      | Noticed a sky beast
  8687 | D:4      | Gained mutation: You are significantly more attuned to the
                  | shadows. [demonic ancestry]
  8687 | D:4      | Reached XP level 7. HP: 28/46 MP: 0/10
  9170 | D:4      | Reached skill level 7 in Necromancy
  9316 | D:5      | Noticed Dowan
 10164 | D:4      | Learned a level 4 spell: Animate Dead
 10170 | D:4      | Reached skill level 8 in Necromancy
 10372 | D:4      | Killed Pikel
 10372 | D:4      | Reached skill level 9 in Necromancy
 10372 | D:4      | Gained mutation: Your movements are less encumbered by
                  | armour. (ER -4) [demonic ancestry]
 10372 | D:4      | Reached XP level 8. HP: 50/52 MP: 0/11
 10510 | D:4      | Reached skill level 10 in Necromancy
 10782 | D:5      | Killed Dowan
 12039 | D:5      | Reached skill level 1 in Fighting
 12726 | D:6      | Reached skill level 5 in Staves
 13009 | D:6      | Found a staircase to the Ecumenical Temple.
 13016 | Temple   | Entered the Ecumenical Temple
 13076 | Temple   | Became a worshipper of Kikubaaqudgha
 13747 | D:6      | Found a glowing silver altar of Zin.
 13753 | D:6      | Found a faded altar of an unknown god.
 13754 | D:6      | Found a faded altar of an unknown god.
 13756 | D:6      | Found a stormy altar of Qazlal.
 13760 | D:6      | Found a white marble altar of Elyvilon.
 14433 | D:7      | Reached XP level 9. HP: 55/64 MP: 7/12
 15517 | D:7      | Reached skill level 5 in Fighting
 15870 | D:8      | Found a basalt altar of Yredelemnul.
 15956 | D:8      | Reached * piety under Kikubaaqudgha
 15956 | D:8      | Identified Kikubaaqudgha's Volume of Darkness
                  | (Kikubaaqudgha gifted it to you on level 8 of the Dungeon)
 15956 | D:8      | Received a gift from Kikubaaqudgha
 16035 | D:8      | Noticed Erica
 17121 | D:8      | Killed from afar by an electric eel

Illustrated notes

Levels and vault maps discovered:
D:1:      saegor_arrival_miasma, layout_basic
D:2:      layout_rooms, serial_curves, eino_curves_03, eino_curves_04
D:3:      minmay_thinvault, layout_loops_ring, first_ration
D:4:      layout_basic
D:5:      layout_cave_pools, portal_sewer_entry_a, minivault_1,
          minmay_statues_item, uniq_pikel, uniq_duvessa
D:6:      layout_loops_ring, chequers_temple_overflow_minitemple, temple_hall
D:7:      layout_basic, grunt_ogre_cave, minmay_strange_pillars
D:8:      layout_basic, kennysheep_mini_moat, serial_bayou, serial_bayou_pond_d,
          serial_bayou_pond_a, serial_bayou_lagoon_a, serial_bayou_pond_c,
          basic_altar, st_stairs_10, chequers_big_river,
          minmay_unpleasant_kobolds, uniq_erica, uniq_maggie
Temple:   compressed_dpeg_circular_temple

Skill      XL: |  1  2  3  4  5  6  7  8  9 |
---------------+----------------------------+-----
Necromancy     | 5 6 9 10 | 10.8
Dodging        | 2 |  2.1
Staves         | 2 4 5 6 |  6.6
Evocations     | 1 |  1.8
Fighting       | 3 7 |  7.1
Stealth        | |  1.7
Spellcasting   | |  2.0

Action                   |  1- 3 |  4- 6 |  7- 9 || total
-------------------------+-------+-------+-------++-------
Melee: Short sword       |     5 |       |       ||     5
       Dagger            |    18 |    44 |       ||    62
       Headbutt          |     4 |    16 |    80 ||   100
       Staff             |       |   112 |   573 ||   685
 Cast: Pain              |    65 |   106 |    82 ||   253
       Animate Skeleton  |     3 |     8 |       ||    11
       Vampiric Draining |       |     7 |    33 ||    40
       Animate Dead      |       |       |     8 ||     8
Evoke: Wand              |       |       |     1 ||     1
  Use: Scroll            |     2 |    17 |     3 ||    22
       Potion            |       |     4 |     7 ||    11
 Stab: Sleeping          |     3 |     2 |     9 ||    14
       Distracted        |       |       |     1 ||     1
  Eat: Chunk             |     5 |    13 |     6 ||    24
       Ration            |       |     3 |     8 ||    11
Armor: Robe              |     9 |     9 |       ||    18
       Leather armour    |       |    47 |   106 ||   153
       Ring mail         |       |       |    97 ||    97
Dodge: Dodged            |    28 |   151 |   372 ||   551
